[ AOE2 MATCH · #474081237 ]
UnrankedCumans vs Slavs
[ REPLAY ANALYSIS · EXTRACTED FROM THE RECORDED GAME ]
Feudal
10:24
Castle
25:28
Imperial
—
| APM avg | 23.4 |
| APM peak | 87 |
| eAPM avg | 12.8 |
| Villagers / military | 135 / 89 |
Focus
⚔️ 27.5% · 🌾 72.5%
Knight ×82 · Battering Ram ×7
Feudal
11:44
Castle
17:29
Imperial
35:25
| APM avg | 21.7 |
| APM peak | 47 |
| eAPM avg | 14.3 |
| Villagers / military | 135 / 119 |
Focus
⚔️ 30.7% · 🌾 69.3%
Spearman ×90 · Knight ×14 · Boyar ×9 · Trebuchet (Packed) ×6
Feudal
9:35
Castle
18:31
Imperial
—
| APM avg | 26.9 |
| APM peak | 71 |
| eAPM avg | 12.6 |
| Villagers / military | 104 / 62 |
Focus
⚔️ 22.0% · 🌾 78.0%
Eagle Scout ×55 · Spearman ×4 · Archer ×3
Feudal
11:41
Castle
31:44
Imperial
—
| APM avg | 19.1 |
| APM peak | 39 |
| eAPM avg | 10.6 |
| Villagers / military | 71 / 71 |
Focus
⚔️ 19.5% · 🌾 80.5%
Scout Cavalry ×47 · Mangudai ×23 · Battering Ram ×1
Feudal
13:43
Castle
21:03
Imperial
37:15
| APM avg | 24.0 |
| APM peak | 52 |
| eAPM avg | 17.1 |
| Villagers / military | 165 / 95 |
Focus
⚔️ 21.7% · 🌾 78.3%
Scout Cavalry ×95
Feudal
9:51
Castle
24:31
Imperial
31:24
| APM avg | 21.8 |
| APM peak | 46 |
| eAPM avg | 13.3 |
| Villagers / military | 160 / 74 |
Focus
⚔️ 16.0% · 🌾 84.0%
Camel Scout ×52 · Scout Cavalry ×9 · Mameluke ×7 · Spearman ×6
Feudal
9:36
Castle
25:20
Imperial
—
| APM avg | 12.5 |
| APM peak | 39 |
| eAPM avg | 8.4 |
| Villagers / military | 70 / 87 |
Focus
⚔️ 38.9% · 🌾 61.1%
Samurai ×61 · Battering Ram ×11 · Militia ×10 · Archer ×5
Feudal
15:24
Castle
21:50
Imperial
—
| APM avg | 22.6 |
| APM peak | 65 |
| eAPM avg | 8.1 |
| Villagers / military | 31 / 27 |
Focus
⚔️ 24.1% · 🌾 75.9%
Spearman ×19 · Militia ×5 · Organ Gun ×3
Match map
Initial resources + every placement click. Lines = walls · curves = elevation contours. ◆ gold · ⬟ stone · ● berries · ✦ relic · ◌ wall gap
Your base· Open — 5t gap
DOM's base· Open — unwalled flank
GaTTo's base· Open — 5t gap
Elispar's base· Open — 1t gap
云大怒提枪骤马's base· Open — unwalled flank
guiguidu63's base· Open — 12t gap
Underdawg's base· Open — 4t gap
顶风尿万丈's base· Open — unwalled flank
Smoothed initial terrain · ◌ = detected wall gap · hover for details
Inputs per minute
— 龍馬探吉 - - DOM
Build order — 龍馬探吉
First 150 of 374 actions detected
| 0:42 | Build | Town Center |
| 1:53 | Create | Villager (Male) |
| 1:54 | Create | Villager (Male) |
| 1:54 | Create | Villager (Male) |
| 1:54 | Create | Villager (Male) |
| 1:54 | Create | Villager (Male) |
| 2:38 | Create | Villager (Male) |
| 2:38 | Create | Villager (Male) |
| 3:21 | Create | Villager (Male) |
| 3:22 | Create | Villager (Male) |
| 3:27 | Create | Villager (Male) |
| 3:57 | Build | Lumber Camp |
| 4:08 | Create | Villager (Male) |
| 4:08 | Create | Villager (Male) |
| 4:12 | Create | Villager (Male) |
| 4:42 | Create | Villager (Male) |
| 4:47 | Create | Villager (Male) |
| 5:08 | Build | Mill |
| 5:53 | Create | Villager (Male) |
| 5:53 | Create | Villager (Male) |
| 6:21 | Create | Villager (Male) |
| 6:22 | Create | Villager (Male) |
| 7:11 | Build | Mill |
| 7:47 | Research | Loom |
| 8:14 | Research | Feudal Age |
| 9:04 | Build | House |
| 9:06 | Build | House |
| 9:08 | Build | House |
| 10:24 | Age | Feudal Age |
| 10:27 | Create | Villager (Male) |
| 10:28 | Create | Villager (Male) |
| 10:28 | Create | Villager (Male) |
| 10:46 | Create | Villager (Male) |
| 10:46 | Create | Villager (Male) |
| 10:49 | Build | House |
| 10:51 | Build | House |
| 11:39 | Build | Town Center |
| 12:07 | Build | House |
| 12:12 | Build | House |
| 12:20 | Create | Villager (Male) |
| 12:20 | Create | Villager (Male) |
| 12:24 | Research | Double-Bit Axe |
| 12:26 | Research | Horse Collar |
| 12:50 | Create | Villager (Male) |
| 13:25 | Build | Farm |
| 13:30 | Build | Farm |
| 13:33 | Build | Farm |
| 13:35 | Build | Farm |
| 13:42 | Create | Villager (Male) |
| 13:49 | Create | Villager (Male) |
| 13:51 | Create | Villager (Male) |
| 13:51 | Create | Villager (Male) |
| 13:54 | Create | Villager (Male) |
| 13:55 | Create | Villager (Male) |
| 13:55 | Create | Villager (Male) |
| 13:55 | Create | Villager (Male) |
| 13:55 | Create | Villager (Male) |
| 14:07 | Build | Farm |
| 14:09 | Build | Farm |
| 14:34 | Build | Blacksmith |
| 14:47 | Create | Villager (Male) |
| 14:48 | Create | Villager (Male) |
| 14:48 | Create | Villager (Male) |
| 14:48 | Create | Villager (Male) |
| 15:08 | Build | Farm |
| 15:11 | Build | Farm |
| 15:12 | Build | Farm |
| 15:16 | Create | Villager (Male) |
| 15:16 | Create | Villager (Male) |
| 15:17 | Create | Villager (Male) |
| 15:17 | Create | Villager (Male) |
| 15:17 | Create | Villager (Male) |
| 15:23 | Build | Farm |
| 15:30 | Build | Farm |
| 15:36 | Create | Villager (Male) |
| 15:36 | Create | Villager (Male) |
| 15:37 | Create | Villager (Male) |
| 16:35 | Build | House |
| 16:37 | Build | House |
| 16:38 | Build | House |
| 17:00 | Build | Palisade Wall |
| 17:01 | Build | Palisade Wall |
| 17:13 | Create | Villager (Male) |
| 17:14 | Create | Villager (Male) |
| 17:14 | Create | Villager (Male) |
| 17:14 | Create | Villager (Male) |
| 17:14 | Create | Villager (Male) |
| 17:15 | Create | Villager (Male) |
| 18:16 | Build | Palisade Wall |
| 18:24 | Build | Palisade Gate |
| 18:41 | Create | Villager (Male) |
| 19:18 | Build | Farm |
| 19:19 | Build | Farm |
| 20:01 | Build | Barracks |
| 20:07 | Research | Wheelbarrow |
| 20:09 | Research | Town Watch |
| 20:24 | Create | Villager (Male) |
| 20:24 | Create | Villager (Male) |
| 20:25 | Create | Villager (Male) |
| 20:52 | Build | Stable |
| 21:19 | Create | Villager (Male) |
| 21:19 | Create | Villager (Male) |
| 21:38 | Build | Farm |
| 21:39 | Build | Farm |
| 21:44 | Build | Farm |
| 21:45 | Build | Farm |
| 21:49 | Build | Farm |
| 21:57 | Build | Farm |
| 21:59 | Build | Farm |
| 22:34 | Build | Stable |
| 22:36 | Build | Stable |
| 22:38 | Build | Stable |
| 22:48 | Research | Castle Age |
| 22:52 | Create | Villager (Male) |
| 22:52 | Create | Villager (Male) |
| 22:53 | Create | Villager (Male) |
| 23:27 | Build | House |
| 24:23 | Build | House |
| 24:24 | Build | House |
| 24:50 | Build | House |
| 24:51 | Build | House |
| 24:52 | Build | House |
| 24:54 | Build | House |
| 25:00 | Research | Scale Barding Armor |
| 25:01 | Research | Forging |
| 25:05 | Research | Bloodlines |
| 25:07 | Create | Villager (Male) |
| 25:21 | Create | Villager (Male) |
| 25:22 | Create | Villager (Male) |
| 25:28 | Age | Castle Age |
| 25:39 | Build | Town Center |
| 25:45 | Create | Knight |
| 25:46 | Create | Knight |
| 25:47 | Create | Knight |
| 25:59 | Create | Knight |
| 26:00 | Create | Knight |
| 26:01 | Create | Knight |
| 26:03 | Create | Knight |
| 26:04 | Create | Knight |
| 26:19 | Build | Lumber Camp |
| 26:23 | Research | Bow Saw |
| 26:27 | Research | Heavy Plow |
| 26:29 | Create | Villager (Male) |
| 26:29 | Create | Villager (Male) |
| 26:29 | Create | Villager (Male) |
| 27:12 | Research | Town Watch |
| 27:14 | Create | Villager (Male) |
| 27:14 | Create | Villager (Male) |
| 27:15 | Create | Villager (Male) |
| 27:15 | Create | Villager (Male) |
Build order — DOM
First 150 of 392 actions detected
| 0:07 | Build | Town Center |
| 1:13 | Create | Villager (Male) |
| 1:14 | Create | Villager (Male) |
| 1:14 | Create | Villager (Male) |
| 1:14 | Create | Villager (Male) |
| 1:14 | Create | Villager (Male) |
| 1:15 | Create | Villager (Male) |
| 1:15 | Create | Villager (Male) |
| 1:49 | Build | Lumber Camp |
| 1:51 | Create | Villager (Male) |
| 1:51 | Create | Villager (Male) |
| 1:51 | Create | Villager (Male) |
| 2:20 | Research | Loom |
| 2:48 | Create | Villager (Male) |
| 2:49 | Create | Villager (Male) |
| 2:49 | Create | Villager (Male) |
| 2:57 | Create | Villager (Male) |
| 2:57 | Create | Villager (Male) |
| 4:06 | Build | Mill |
| 4:07 | Create | Villager (Male) |
| 4:08 | Create | Villager (Male) |
| 4:08 | Create | Villager (Male) |
| 4:48 | Create | Villager (Male) |
| 4:48 | Create | Villager (Male) |
| 4:48 | Create | Villager (Male) |
| 4:48 | Create | Villager (Male) |
| 4:49 | Create | Villager (Male) |
| 4:56 | Build | House |
| 4:59 | Create | Villager (Male) |
| 4:59 | Create | Villager (Male) |
| 5:23 | Create | Villager (Male) |
| 5:23 | Create | Villager (Male) |
| 5:23 | Create | Villager (Male) |
| 6:23 | Create | Villager (Male) |
| 6:23 | Create | Villager (Male) |
| 6:48 | Create | Villager (Male) |
| 6:48 | Create | Villager (Male) |
| 6:48 | Create | Villager (Male) |
| 7:09 | Create | Villager (Male) |
| 7:09 | Create | Villager (Male) |
| 7:25 | Build | Barracks |
| 7:42 | Build | Mill |
| 7:50 | Create | Villager (Male) |
| 8:50 | Research | Feudal Age |
| 9:15 | Build | Mining Camp |
| 9:41 | Build | Mill |
| 9:45 | Create | Villager (Male) |
| 9:45 | Create | Villager (Male) |
| 11:08 | Build | House |
| 11:09 | Build | House |
| 11:44 | Age | Feudal Age |
| 11:47 | Research | Horse Collar |
| 11:50 | Research | Double-Bit Axe |
| 11:53 | Create | Villager (Male) |
| 12:08 | Build | Farm |
| 12:10 | Build | Farm |
| 12:16 | Build | Farm |
| 12:51 | Build | Blacksmith |
| 12:59 | Create | Villager (Male) |
| 13:03 | Build | Farm |
| 13:07 | Create | Villager (Male) |
| 13:27 | Create | Villager (Male) |
| 13:42 | Build | Market |
| 14:15 | Create | Villager (Male) |
| 14:49 | Research | Castle Age |
| 14:50 | Research | Castle Age |
| 14:56 | Build | Stable |
| 15:31 | Research | Gold Mining |
| 15:40 | Research | Forging |
| 15:41 | Research | Fletching |
| 15:43 | Create | Spearman |
| 15:44 | Create | Spearman |
| 16:15 | Research | Stone Mining |
| 16:32 | Build | Farm |
| 16:39 | Build | Farm |
| 16:54 | Create | Villager (Male) |
| 16:55 | Create | Villager (Male) |
| 17:29 | Age | Castle Age |
| 17:31 | Build | Town Center |
| 17:38 | Research | Bow Saw |
| 17:53 | Create | Villager (Male) |
| 18:15 | Create | Knight |
| 18:16 | Create | Knight |
| 18:24 | Build | Farm |
| 18:27 | Create | Villager (Male) |
| 18:38 | Create | Villager (Male) |
| 18:38 | Create | Villager (Male) |
| 18:47 | Build | Farm |
| 18:59 | Create | Villager (Male) |
| 19:05 | Build | Farm |
| 19:15 | Build | Farm |
| 19:17 | Create | Villager (Male) |
| 19:17 | Create | Villager (Male) |
| 19:38 | Build | Farm |
| 19:39 | Create | Villager (Male) |
| 19:45 | Build | Farm |
| 19:45 | Create | Villager (Male) |
| 20:05 | Create | Villager (Male) |
| 20:12 | Build | Farm |
| 20:14 | Build | Farm |
| 20:19 | Create | Villager (Male) |
| 20:19 | Create | Villager (Male) |
| 20:33 | Build | Town Center |
| 20:38 | Create | Villager (Male) |
| 20:42 | Create | Villager (Male) |
| 20:43 | Create | Villager (Male) |
| 20:55 | Build | Farm |
| 20:58 | Research | Town Watch |
| 21:10 | Create | Knight |
| 21:10 | Create | Knight |
| 21:17 | Create | Villager (Male) |
| 21:22 | Build | Farm |
| 21:31 | Build | House |
| 21:32 | Build | House |
| 21:33 | Build | House |
| 21:37 | Create | Villager (Male) |
| 21:40 | Create | Villager (Male) |
| 21:45 | Create | Knight |
| 21:59 | Create | Knight |
| 22:17 | Build | Farm |
| 22:45 | Research | Wheelbarrow |
| 22:47 | Create | Villager (Male) |
| 22:48 | Create | Villager (Male) |
| 22:51 | Build | Lumber Camp |
| 22:55 | Create | Villager (Male) |
| 23:05 | Build | Town Center |
| 23:10 | Build | House |
| 23:11 | Build | House |
| 23:20 | Research | Bloodlines |
| 23:36 | Build | Farm |
| 23:39 | Create | Villager (Male) |
| 23:39 | Create | Villager (Male) |
| 24:07 | Build | Farm |
| 24:09 | Create | Villager (Male) |
| 24:09 | Create | Villager (Male) |
| 24:13 | Build | House |
| 24:14 | Build | House |
| 24:19 | Create | Villager (Male) |
| 24:19 | Create | Villager (Male) |
| 24:28 | Build | Farm |
| 24:30 | Research | Heavy Plow |
| 24:35 | Create | Knight |
| 24:35 | Create | Knight |
| 25:13 | Research | Husbandry |
| 25:18 | Build | Farm |
| 25:20 | Create | Villager (Male) |
| 25:20 | Create | Villager (Male) |
| 25:40 | Research | Scale Barding Armor |
| 26:15 | Create | Villager (Male) |
| 26:18 | Research | Hand Cart |
Build order — GaTTo
First 150 of 275 actions detected
| 0:15 | Build | Town Center |
| 1:28 | Research | Loom |
| 1:29 | Research | Loom |
| 1:29 | Create | Villager (Male) |
| 1:29 | Create | Villager (Male) |
| 1:29 | Create | Villager (Male) |
| 1:30 | Create | Villager (Male) |
| 1:30 | Create | Villager (Male) |
| 1:48 | Build | House |
| 1:50 | Build | House |
| 3:05 | Create | Villager (Male) |
| 3:06 | Create | Villager (Male) |
| 3:47 | Create | Villager (Male) |
| 4:15 | Create | Villager (Male) |
| 4:16 | Create | Villager (Male) |
| 4:34 | Create | Villager (Male) |
| 5:19 | Create | Villager (Male) |
| 5:19 | Create | Villager (Male) |
| 5:20 | Create | Villager (Male) |
| 5:20 | Create | Villager (Male) |
| 6:04 | Build | Mill |
| 6:19 | Build | Lumber Camp |
| 6:32 | Create | Villager (Male) |
| 7:25 | Research | Feudal Age |
| 8:44 | Build | Barracks |
| 9:35 | Age | Feudal Age |
| 9:42 | Build | House |
| 9:44 | Create | Villager (Male) |
| 9:45 | Create | Villager (Male) |
| 9:45 | Create | Villager (Male) |
| 9:45 | Create | Villager (Male) |
| 10:19 | Create | Spearman |
| 10:30 | Build | Palisade Wall |
| 10:33 | Build | Palisade Gate |
| 10:42 | Build | Palisade Wall |
| 10:53 | Build | Mining Camp |
| 11:08 | Create | Spearman |
| 11:31 | Create | Villager (Male) |
| 11:45 | Create | Villager (Male) |
| 11:55 | Create | Spearman |
| 12:13 | Build | Market |
| 12:18 | Build | Blacksmith |
| 12:22 | Create | Villager (Male) |
| 12:33 | Create | Spearman |
| 12:49 | Create | Villager (Male) |
| 13:05 | Build | Mill |
| 13:21 | Create | Villager (Male) |
| 13:46 | Create | Villager (Male) |
| 14:20 | Build | House |
| 15:51 | Research | Castle Age |
| 16:24 | Build | Barracks |
| 16:37 | Build | Farm |
| 16:39 | Build | Farm |
| 16:40 | Build | Farm |
| 17:23 | Build | Barracks |
| 18:02 | Build | Archery Range |
| 18:09 | Create | Eagle Scout |
| 18:10 | Create | Eagle Scout |
| 18:17 | Build | House |
| 18:19 | Build | House |
| 18:31 | Age | Castle Age |
| 18:36 | Create | Villager (Male) |
| 18:43 | Create | Villager (Male) |
| 18:56 | Build | Farm |
| 19:06 | Build | House |
| 19:09 | Build | House |
| 20:29 | Build | House |
| 20:30 | Build | House |
| 21:11 | Build | House |
| 21:12 | Build | House |
| 21:23 | Create | Archer |
| 21:23 | Create | Archer |
| 21:31 | Build | House |
| 21:32 | Build | House |
| 21:46 | Create | Eagle Scout |
| 21:48 | Create | Eagle Scout |
| 21:57 | Build | House |
| 22:15 | Create | Archer |
| 22:30 | Research | Wheelbarrow |
| 23:13 | Create | Villager (Male) |
| 23:19 | Create | Eagle Scout |
| 23:20 | Create | Eagle Scout |
| 23:51 | Create | Villager (Male) |
| 23:54 | Create | Villager (Male) |
| 24:16 | Create | Villager (Male) |
| 24:50 | Research | Crossbowman (upgrade) |
| 25:05 | Build | House |
| 25:07 | Build | House |
| 25:08 | Build | House |
| 25:20 | Build | Archery Range |
| 25:26 | Research | Eagle Warrior (upgrade) |
| 25:37 | Build | Farm |
| 25:40 | Create | Villager (Male) |
| 26:20 | Build | House |
| 26:25 | Research | Double-Bit Axe |
| 26:53 | Create | Villager (Male) |
| 27:11 | Build | Town Center |
| 27:18 | Create | Villager (Male) |
| 27:21 | Build | Farm |
| 28:29 | Build | Blacksmith |
| 28:31 | Create | Villager (Male) |
| 28:52 | Create | Villager (Male) |
| 28:54 | Create | Villager (Male) |
| 28:56 | Create | Villager (Male) |
| 29:02 | Build | Farm |
| 29:04 | Build | Farm |
| 29:19 | Build | Mining Camp |
| 29:44 | Build | Farm |
| 29:45 | Build | Farm |
| 29:47 | Create | Villager (Male) |
| 29:48 | Create | Villager (Male) |
| 29:52 | Build | Farm |
| 29:53 | Build | Farm |
| 30:01 | Research | Fletching |
| 30:09 | Create | Eagle Scout |
| 30:10 | Create | Eagle Scout |
| 30:14 | Create | Villager (Male) |
| 30:17 | Build | Farm |
| 30:21 | Create | Villager (Male) |
| 30:25 | Build | Farm |
| 30:38 | Create | Villager (Male) |
| 30:40 | Create | Villager (Male) |
| 30:41 | Create | Villager (Male) |
| 30:47 | Create | Eagle Scout |
| 30:47 | Create | Eagle Scout |
| 30:51 | Build | Farm |
| 30:54 | Build | Farm |
| 31:01 | Research | Stone Mining |
| 31:12 | Build | Farm |
| 31:18 | Build | Farm |
| 31:19 | Create | Villager (Male) |
| 31:20 | Create | Villager (Male) |
| 31:23 | Create | Villager (Male) |
| 32:27 | Create | Eagle Scout |
| 32:28 | Create | Eagle Scout |
| 32:29 | Create | Villager (Male) |
| 32:29 | Create | Villager (Male) |
| 32:30 | Create | Villager (Male) |
| 32:30 | Create | Villager (Male) |
| 32:34 | Research | Bodkin Arrow |
| 32:45 | Build | Town Center |
| 32:51 | Build | Farm |
| 32:53 | Build | Farm |
| 32:58 | Research | Gold Mining |
| 33:41 | Build | Farm |
| 33:43 | Build | Farm |
| 33:45 | Create | Villager (Male) |
| 33:46 | Create | Villager (Male) |
| 33:47 | Create | Villager (Male) |
| 33:48 | Create | Villager (Male) |
Build order — Elispar
First 150 of 191 actions detected
| 0:18 | Build | Town Center |
| 1:12 | Build | Mill |
| 1:29 | Create | Villager (Male) |
| 1:29 | Create | Villager (Male) |
| 1:29 | Create | Villager (Male) |
| 1:30 | Create | Villager (Male) |
| 2:43 | Create | Villager (Male) |
| 2:57 | Build | Lumber Camp |
| 3:07 | Create | Villager (Male) |
| 3:07 | Create | Villager (Male) |
| 3:18 | Research | Loom |
| 4:42 | Create | Villager (Male) |
| 4:42 | Create | Villager (Male) |
| 4:42 | Create | Villager (Male) |
| 4:43 | Create | Villager (Male) |
| 6:14 | Build | House |
| 6:36 | Create | Villager (Male) |
| 6:37 | Create | Villager (Male) |
| 6:37 | Create | Villager (Male) |
| 6:37 | Create | Villager (Male) |
| 7:14 | Build | Mill |
| 7:23 | Create | Villager (Male) |
| 7:23 | Create | Villager (Male) |
| 7:24 | Create | Villager (Male) |
| 8:03 | Create | Villager (Male) |
| 8:47 | Build | Barracks |
| 9:11 | Research | Feudal Age |
| 10:16 | Create | Villager (Male) |
| 10:16 | Create | Villager (Male) |
| 10:25 | Build | House |
| 10:48 | Build | Palisade Wall |
| 10:51 | Build | Palisade Wall |
| 10:57 | Build | Palisade Wall |
| 11:02 | Build | Palisade Wall |
| 11:07 | Build | Palisade Wall |
| 11:18 | Build | Mill |
| 11:41 | Age | Feudal Age |
| 12:17 | Create | Villager (Male) |
| 12:23 | Build | House |
| 12:29 | Build | Palisade Wall |
| 12:33 | Create | Villager (Male) |
| 12:34 | Create | Villager (Male) |
| 12:34 | Create | Villager (Male) |
| 13:25 | Build | House |
| 13:28 | Build | Palisade Wall |
| 13:50 | Research | Double-Bit Axe |
| 14:10 | Build | Stable |
| 14:41 | Build | Blacksmith |
| 14:45 | Build | Blacksmith |
| 14:52 | Create | Villager (Male) |
| 14:53 | Create | Villager (Male) |
| 14:53 | Create | Villager (Male) |
| 15:07 | Create | Villager (Male) |
| 15:08 | Create | Villager (Male) |
| 15:08 | Create | Villager (Male) |
| 15:24 | Build | Mill |
| 15:29 | Create | Scout Cavalry ×5 |
| 15:30 | Create | Scout Cavalry ×5 |
| 15:31 | Create | Scout Cavalry ×5 |
| 15:55 | Build | Palisade Wall |
| 16:12 | Create | Scout Cavalry |
| 16:12 | Create | Scout Cavalry |
| 16:18 | Research | Scale Barding Armor |
| 16:18 | Research | Forging |
| 16:40 | Build | House |
| 17:06 | Build | Stable |
| 17:38 | Build | Stable |
| 17:53 | Build | House |
| 17:55 | Build | Palisade Wall |
| 18:13 | Create | Scout Cavalry ×5 |
| 18:13 | Create | Scout Cavalry ×3 |
| 18:13 | Create | Scout Cavalry ×3 |
| 18:31 | Build | Watch Tower |
| 18:45 | Create | Villager (Male) |
| 18:45 | Create | Villager (Male) |
| 18:46 | Create | Villager (Male) |
| 18:46 | Create | Villager (Male) |
| 19:08 | Create | Scout Cavalry ×3 |
| 19:30 | Build | Lumber Camp |
| 19:50 | Build | Mill |
| 20:57 | Build | Mining Camp |
| 21:10 | Create | Scout Cavalry ×3 |
| 21:24 | Build | Stable |
| 21:32 | Build | House |
| 22:42 | Build | Market |
| 22:48 | Build | House |
| 23:04 | Build | Stable |
| 23:42 | Build | Mill |
| 23:54 | Build | Palisade Wall |
| 24:07 | Research | Bloodlines |
| 24:50 | Create | Scout Cavalry ×5 |
| 25:09 | Create | Villager (Male) |
| 25:24 | Build | Farm |
| 25:24 | Build | Farm |
| 25:25 | Build | Farm |
| 25:25 | Build | Farm |
| 25:26 | Build | Farm |
| 25:27 | Build | Farm |
| 25:28 | Build | Farm |
| 25:30 | Build | Farm |
| 26:34 | Build | House |
| 26:36 | Build | Palisade Wall |
| 26:45 | Build | Farm |
| 27:13 | Build | Mining Camp |
| 27:39 | Build | Mill |
| 27:49 | Create | Villager (Male) |
| 27:49 | Create | Villager (Male) |
| 27:49 | Create | Villager (Male) |
| 27:55 | Build | Farm |
| 27:55 | Build | Farm |
| 27:56 | Build | Farm |
| 27:57 | Build | Farm |
| 28:14 | Build | Mining Camp |
| 28:56 | Research | Castle Age |
| 29:04 | Create | Scout Cavalry ×3 |
| 29:38 | Build | Mill |
| 30:26 | Build | Watch Tower |
| 31:03 | Create | Scout Cavalry ×5 |
| 31:44 | Age | Castle Age |
| 31:49 | Build | Castle |
| 32:02 | Create | Villager (Male) ×5 |
| 32:03 | Create | Villager (Male) ×4 |
| 33:48 | Build | Farm |
| 33:49 | Build | Farm |
| 33:53 | Create | Villager (Male) |
| 33:53 | Create | Villager (Male) |
| 33:53 | Create | Villager (Male) |
| 34:03 | Build | Lumber Camp |
| 34:11 | Build | Mill |
| 34:12 | Build | Farm |
| 34:13 | Build | Farm |
| 34:14 | Build | Farm |
| 34:14 | Build | Farm |
| 34:15 | Build | Farm |
| 34:20 | Create | Mangudai ×5 |
| 34:22 | Create | Mangudai ×4 |
| 34:55 | Research | Fletching |
| 35:14 | Build | Siege Workshop |
| 35:37 | Build | Farm |
| 35:38 | Build | Farm |
| 35:45 | Research | Gold Mining |
| 35:54 | Research | Bow Saw |
| 36:22 | Research | Horse Collar |
| 36:47 | Create | Battering Ram |
| 37:01 | Build | Farm |
| 37:07 | Build | Farm |
| 37:11 | Build | Farm |
| 37:15 | Create | Villager (Male) |
| 37:16 | Create | Villager (Male) |
| 37:17 | Create | Villager (Male) |
Build order — 云大怒提枪骤马
First 150 of 451 actions detected
| 1:42 | Build | Town Center |
| 2:52 | Create | Villager (Male) |
| 2:55 | Research | Loom |
| 2:55 | Create | Villager (Male) |
| 2:56 | Create | Villager (Male) |
| 2:56 | Create | Villager (Male) |
| 3:24 | Create | Villager (Male) |
| 3:24 | Create | Villager (Male) |
| 4:47 | Create | Villager (Male) |
| 5:31 | Create | Villager (Male) |
| 5:31 | Create | Villager (Male) |
| 5:51 | Create | Villager (Male) |
| 5:55 | Create | Villager (Male) |
| 6:16 | Build | Lumber Camp |
| 6:52 | Create | Villager (Male) |
| 6:52 | Create | Villager (Male) |
| 6:53 | Create | Villager (Male) |
| 7:22 | Create | Villager (Male) |
| 7:23 | Create | Villager (Male) |
| 7:35 | Create | Villager (Male) |
| 7:35 | Create | Villager (Male) |
| 7:42 | Build | House |
| 7:52 | Build | House |
| 7:54 | Create | Villager (Male) |
| 7:54 | Create | Villager (Male) |
| 8:00 | Build | House |
| 8:01 | Build | House |
| 8:13 | Create | Villager (Male) |
| 8:14 | Create | Villager (Male) |
| 8:39 | Create | Villager (Male) |
| 8:49 | Create | Villager (Male) |
| 9:48 | Create | Villager (Male) |
| 10:43 | Build | Mill |
| 10:55 | Build | Mill |
| 11:08 | Create | Villager (Male) |
| 11:20 | Research | Feudal Age |
| 11:20 | Research | Feudal Age |
| 11:42 | Build | House |
| 11:43 | Build | House |
| 11:56 | Build | Farm |
| 11:58 | Build | Farm |
| 11:59 | Build | Farm |
| 12:02 | Build | Farm |
| 12:04 | Build | Farm |
| 12:06 | Build | Farm |
| 12:50 | Build | House |
| 13:04 | Build | House |
| 13:29 | Build | House |
| 13:33 | Build | House |
| 13:43 | Age | Feudal Age |
| 13:44 | Build | Mill |
| 13:50 | Research | Double-Bit Axe |
| 13:55 | Create | Villager (Male) |
| 13:56 | Create | Villager (Male) |
| 13:57 | Create | Villager (Male) |
| 14:12 | Build | Market |
| 14:21 | Create | Villager (Male) |
| 14:44 | Build | Blacksmith |
| 14:46 | Create | Villager (Male) |
| 14:59 | Build | Farm |
| 15:00 | Build | Farm |
| 15:00 | Build | Farm |
| 15:02 | Build | Farm |
| 15:03 | Build | Farm |
| 15:11 | Research | Horse Collar |
| 15:11 | Research | Horse Collar |
| 15:24 | Build | Gate |
| 15:48 | Build | Mining Camp |
| 16:06 | Research | Town Watch |
| 16:07 | Research | Town Watch |
| 16:21 | Build | Outpost |
| 16:22 | Build | Stone Wall |
| 16:23 | Build | Stone Wall |
| 16:24 | Build | Stone Wall |
| 16:30 | Build | Stone Wall |
| 16:37 | Build | Outpost |
| 16:59 | Build | Mining Camp |
| 17:01 | Create | Villager (Male) |
| 17:31 | Create | Villager (Male) |
| 17:50 | Build | Mill |
| 18:23 | Research | Castle Age |
| 18:23 | Research | Castle Age |
| 19:21 | Build | Outpost |
| 19:28 | Build | Stone Wall |
| 19:29 | Build | Stone Wall |
| 19:30 | Build | Stone Wall |
| 19:31 | Build | Stone Wall |
| 19:33 | Build | Stone Wall |
| 20:16 | Build | Barracks |
| 20:38 | Research | Wheelbarrow |
| 20:59 | Research | Stone Mining |
| 21:00 | Research | Gold Mining |
| 21:03 | Age | Castle Age |
| 21:05 | Create | Villager (Male) |
| 21:05 | Create | Villager (Male) |
| 21:17 | Build | Town Center |
| 21:24 | Build | Town Center |
| 21:30 | Create | Villager (Male) |
| 21:30 | Create | Villager (Male) |
| 21:58 | Create | Villager (Male) |
| 22:35 | Research | Town Patrol |
| 22:37 | Create | Villager (Male) |
| 22:48 | Create | Villager (Male) |
| 22:48 | Create | Villager (Male) |
| 22:56 | Create | Villager (Male) |
| 23:03 | Create | Villager (Male) |
| 23:07 | Create | Villager (Male) |
| 23:12 | Research | Bow Saw |
| 23:31 | Create | Villager (Male) |
| 23:42 | Create | Villager (Male) |
| 23:43 | Create | Villager (Male) |
| 23:43 | Create | Villager (Male) |
| 23:43 | Create | Villager (Male) |
| 23:43 | Create | Villager (Male) |
| 23:43 | Create | Villager (Male) |
| 24:04 | Build | Town Center |
| 24:08 | Create | Villager (Male) |
| 24:16 | Create | Villager (Male) |
| 24:34 | Create | Villager (Male) |
| 24:34 | Create | Villager (Male) |
| 24:46 | Create | Villager (Male) |
| 25:02 | Create | Villager (Male) |
| 25:18 | Build | Stable |
| 25:20 | Build | Stable |
| 25:25 | Build | Stable |
| 25:26 | Create | Villager (Male) |
| 25:27 | Create | Villager (Male) |
| 25:28 | Create | Villager (Male) |
| 25:33 | Build | Stable |
| 25:40 | Build | Stable |
| 25:41 | Create | Villager (Male) |
| 25:51 | Build | Stone Wall |
| 25:52 | Build | Stone Wall |
| 25:54 | Build | Stone Wall |
| 26:00 | Build | Stone Wall |
| 26:04 | Create | Villager (Male) |
| 26:04 | Create | Villager (Male) |
| 26:13 | Build | Stone Wall |
| 26:17 | Build | Stone Wall |
| 26:18 | Build | Stone Wall |
| 26:18 | Build | Stone Wall |
| 26:21 | Create | Villager (Male) |
| 26:21 | Create | Villager (Male) |
| 26:27 | Build | Stone Wall |
| 26:33 | Create | Villager (Male) |
| 26:33 | Create | Villager (Male) |
| 26:36 | Build | Farm |
| 26:36 | Build | Farm |
| 26:52 | Create | Villager (Male) |
| 26:52 | Create | Villager (Male) |
Build order — guiguidu63
First 150 of 371 actions detected
| 0:09 | Build | Town Center |
| 1:16 | Create | Villager (Male) |
| 1:16 | Create | Villager (Male) |
| 1:44 | Create | Villager (Male) |
| 1:47 | Build | Lumber Camp |
| 1:48 | Create | Villager (Male) |
| 2:00 | Create | Villager (Male) |
| 2:00 | Create | Villager (Male) |
| 2:41 | Create | Villager (Male) |
| 3:00 | Create | Villager (Male) |
| 3:00 | Create | Villager (Male) |
| 3:35 | Create | Villager (Male) |
| 4:33 | Create | Villager (Male) |
| 4:43 | Build | House |
| 4:50 | Build | Barracks |
| 5:07 | Create | Villager (Male) |
| 5:09 | Create | Villager (Male) |
| 5:58 | Build | Mining Camp |
| 6:01 | Create | Villager (Male) |
| 6:20 | Create | Villager (Male) |
| 6:30 | Build | House |
| 6:32 | Create | Villager (Male) |
| 6:42 | Create | Villager (Male) |
| 6:51 | Research | Loom |
| 7:01 | Create | Villager (Male) |
| 7:10 | Build | Palisade Gate |
| 7:39 | Research | Feudal Age |
| 8:09 | Build | Mill |
| 8:30 | Create | Villager (Male) |
| 8:40 | Create | Villager (Male) |
| 9:48 | Create | Villager (Male) |
| 9:51 | Age | Feudal Age |
| 9:57 | Create | Villager (Male) |
| 9:57 | Create | Villager (Male) |
| 10:04 | Research | Double-Bit Axe |
| 10:43 | Build | Stable |
| 10:45 | Create | Villager (Male) |
| 11:02 | Create | Villager (Male) |
| 11:19 | Create | Villager (Male) |
| 11:39 | Build | Blacksmith |
| 11:42 | Build | House |
| 11:43 | Build | House |
| 11:47 | Build | House |
| 11:52 | Create | Villager (Male) |
| 11:58 | Create | Scout Cavalry ×3 |
| 12:11 | Create | Villager (Male) |
| 12:23 | Create | Villager (Male) |
| 12:29 | Create | Spearman |
| 12:29 | Create | Spearman |
| 13:05 | Research | Bloodlines |
| 13:06 | Create | Scout Cavalry |
| 13:09 | Research | Forging |
| 13:26 | Build | Palisade Wall |
| 13:47 | Research | Scale Barding Armor |
| 14:01 | Build | Mill |
| 14:36 | Create | Villager (Male) |
| 14:37 | Create | Villager (Male) |
| 15:22 | Create | Villager (Male) |
| 15:22 | Create | Villager (Male) |
| 16:31 | Create | Villager (Male) |
| 16:32 | Create | Villager (Male) |
| 16:39 | Build | Farm |
| 16:39 | Build | Farm |
| 16:39 | Build | Farm |
| 17:19 | Create | Villager (Male) |
| 17:21 | Build | Farm |
| 17:25 | Build | Farm |
| 18:05 | Create | Villager (Male) |
| 18:06 | Create | Villager (Male) |
| 18:16 | Build | Farm |
| 18:17 | Create | Villager (Male) |
| 18:17 | Create | Villager (Male) |
| 19:23 | Create | Villager (Male) |
| 19:23 | Create | Villager (Male) |
| 19:35 | Create | Villager (Male) |
| 19:39 | Build | Farm |
| 19:39 | Build | Farm |
| 19:39 | Build | Farm |
| 19:40 | Create | Villager (Male) |
| 19:51 | Build | Farm |
| 19:52 | Build | Farm |
| 19:52 | Build | Farm |
| 19:55 | Create | Villager (Male) |
| 19:55 | Create | Villager (Male) |
| 20:29 | Create | Villager (Male) |
| 20:41 | Create | Villager (Male) |
| 20:44 | Build | Farm |
| 20:44 | Build | Farm |
| 20:44 | Build | Farm |
| 20:45 | Create | Villager (Male) |
| 20:46 | Create | Villager (Male) |
| 20:52 | Build | Mill |
| 20:53 | Build | Farm |
| 20:53 | Build | Farm |
| 20:53 | Build | Farm |
| 20:53 | Build | Farm |
| 20:53 | Build | Farm |
| 20:54 | Build | Farm |
| 20:54 | Build | Farm |
| 20:54 | Build | Farm |
| 20:55 | Build | Farm |
| 20:55 | Build | Farm |
| 21:04 | Research | Wheelbarrow |
| 21:08 | Build | House |
| 21:08 | Build | House |
| 21:09 | Build | House |
| 21:09 | Build | House |
| 21:09 | Build | House |
| 21:10 | Build | House |
| 21:10 | Build | House |
| 21:11 | Create | Villager (Male) |
| 21:32 | Build | Mill |
| 21:36 | Create | Villager (Male) |
| 21:51 | Research | Castle Age |
| 21:57 | Build | Farm |
| 21:59 | Build | Farm |
| 22:01 | Create | Villager (Male) |
| 22:47 | Create | Villager (Male) |
| 23:44 | Create | Villager (Male) |
| 23:44 | Create | Villager (Male) |
| 24:06 | Create | Villager (Male) |
| 24:26 | Build | Lumber Camp |
| 24:30 | Create | Villager (Male) |
| 24:30 | Create | Villager (Male) |
| 24:31 | Age | Castle Age |
| 24:45 | Create | Villager (Male) |
| 24:45 | Create | Villager (Male) |
| 24:55 | Build | Town Center |
| 25:00 | Build | Town Center |
| 25:01 | Create | Villager (Male) |
| 25:02 | Create | Villager (Male) |
| 25:09 | Create | Villager (Male) |
| 25:09 | Research | Wheelbarrow |
| 25:10 | Research | Town Watch |
| 25:24 | Build | University |
| 25:27 | Build | Monastery |
| 25:29 | Create | Villager (Male) |
| 25:35 | Build | House |
| 25:35 | Build | House |
| 25:36 | Build | House |
| 25:36 | Build | House |
| 25:36 | Build | House |
| 25:37 | Build | House |
| 25:38 | Build | House |
| 25:38 | Build | House |
| 25:38 | Build | House |
| 25:39 | Build | House |
| 25:39 | Build | House |
| 25:40 | Create | Villager (Male) |
| 25:40 | Create | Villager (Male) |
Build order — Underdawg
First 150 of 184 actions detected
| 0:14 | Build | Town Center |
| 1:17 | Build | Mill |
| 1:36 | Research | Loom |
| 1:36 | Create | Villager (Male) ×4 |
| 2:34 | Create | Villager (Male) |
| 2:48 | Create | Villager (Male) |
| 3:26 | Create | Villager (Male) |
| 3:36 | Create | Villager (Male) |
| 3:59 | Create | Villager (Male) |
| 5:02 | Create | Villager (Male) |
| 5:31 | Create | Villager (Male) |
| 6:10 | Build | Barracks |
| 6:13 | Create | Villager (Male) |
| 6:59 | Create | Villager (Male) |
| 7:06 | Research | Feudal Age |
| 7:09 | Build | House |
| 8:19 | Create | Militia ×3 |
| 9:27 | Create | Villager (Male) |
| 9:28 | Create | Villager (Male) |
| 9:36 | Age | Feudal Age |
| 10:03 | Build | Mill |
| 10:08 | Create | Villager (Male) |
| 10:38 | Create | Villager (Male) |
| 10:51 | Research | Man-at-Arms (upgrade) |
| 10:52 | Create | Militia |
| 10:53 | Create | Militia |
| 11:04 | Create | Villager (Male) |
| 11:38 | Build | Lumber Camp |
| 11:52 | Create | Militia |
| 11:52 | Create | Militia |
| 12:12 | Create | Villager (Male) |
| 12:12 | Create | Villager (Male) |
| 12:20 | Build | House |
| 12:38 | Create | Militia |
| 12:38 | Create | Militia |
| 12:38 | Create | Militia |
| 12:50 | Build | House |
| 12:53 | Create | Villager (Male) |
| 13:42 | Build | Mill |
| 14:28 | Build | Blacksmith |
| 14:30 | Create | Villager (Male) |
| 14:31 | Create | Villager (Male) |
| 15:34 | Create | Villager (Male) |
| 15:34 | Create | Villager (Male) |
| 15:51 | Build | Market |
| 16:29 | Research | Forging |
| 16:42 | Research | Horse Collar |
| 17:06 | Build | Mining Camp |
| 17:11 | Create | Villager (Male) |
| 17:11 | Create | Villager (Male) |
| 17:17 | Build | House |
| 18:23 | Create | Villager (Male) |
| 18:28 | Build | House |
| 18:29 | Build | House |
| 18:29 | Build | House |
| 18:40 | Build | Farm |
| 18:40 | Build | Farm |
| 19:31 | Create | Villager (Male) |
| 19:31 | Create | Villager (Male) |
| 20:25 | Build | Farm |
| 20:26 | Build | Farm |
| 20:27 | Build | Farm |
| 20:29 | Build | Farm |
| 20:36 | Build | Mill |
| 20:59 | Create | Villager (Male) |
| 21:00 | Create | Villager (Male) |
| 21:08 | Build | Farm |
| 21:10 | Build | Farm |
| 21:40 | Build | Farm |
| 21:50 | Build | House |
| 22:40 | Research | Castle Age |
| 23:03 | Research | Scale Mail Armor |
| 23:27 | Build | House |
| 23:28 | Build | House |
| 23:29 | Build | House |
| 24:02 | Create | Villager (Male) |
| 24:02 | Create | Villager (Male) |
| 24:09 | Research | Double-Bit Axe |
| 24:17 | Build | Archery Range |
| 24:23 | Build | Archery Range |
| 24:58 | Build | Farm |
| 25:20 | Age | Castle Age |
| 25:22 | Research | Crossbowman (upgrade) |
| 25:34 | Create | Villager (Male) |
| 25:34 | Create | Villager (Male) |
| 25:54 | Build | Mill |
| 26:18 | Build | Castle |
| 26:28 | Research | Thumb Ring |
| 26:30 | Create | Archer ×5 |
| 26:45 | Create | Villager (Male) |
| 26:46 | Create | Villager (Male) |
| 27:10 | Research | Fletching |
| 27:11 | Research | Padded Archer Armor |
| 27:15 | Create | Villager (Male) |
| 27:44 | Create | Villager (Male) |
| 28:50 | Create | Samurai ×5 |
| 28:50 | Create | Samurai ×5 |
| 29:04 | Build | House |
| 29:06 | Build | House |
| 29:46 | Research | Heavy Plow |
| 30:18 | Build | Farm |
| 30:25 | Build | Farm |
| 30:29 | Build | Farm |
| 30:59 | Build | Town Center |
| 31:04 | Build | Farm |
| 31:24 | Research | Bow Saw |
| 31:35 | Create | Villager (Male) ×5 |
| 31:46 | Build | House |
| 31:56 | Create | Villager (Male) ×5 |
| 32:05 | Build | Siege Workshop |
| 32:26 | Create | Villager (Male) |
| 32:29 | Create | Samurai ×5 |
| 32:44 | Build | Stone Wall |
| 32:49 | Build | Gate |
| 33:01 | Create | Villager (Male) |
| 33:04 | Create | Villager (Male) |
| 33:34 | Build | Siege Workshop |
| 33:37 | Create | Villager (Male) |
| 33:41 | Create | Villager (Male) |
| 34:06 | Create | Battering Ram |
| 34:22 | Build | Farm |
| 34:24 | Create | Battering Ram |
| 34:29 | Create | Battering Ram |
| 34:33 | Create | Samurai ×5 |
| 34:38 | Research | Iron Casting |
| 34:47 | Create | Battering Ram |
| 35:06 | Build | Farm |
| 35:12 | Create | Villager (Male) |
| 35:12 | Create | Villager (Male) |
| 35:16 | Create | Villager (Male) |
| 35:16 | Create | Villager (Male) |
| 35:45 | Build | Town Center |
| 35:54 | Create | Villager (Male) |
| 35:57 | Create | Villager (Male) |
| 35:59 | Build | Farm |
| 36:05 | Create | Samurai ×3 |
| 36:27 | Create | Battering Ram |
| 36:35 | Create | Villager (Male) |
| 36:36 | Create | Villager (Male) |
| 36:41 | Create | Villager (Male) |
| 36:45 | Create | Villager (Male) |
| 36:54 | Build | Farm |
| 37:01 | Create | Battering Ram |
| 37:04 | Create | Battering Ram |
| 37:11 | Create | Samurai |
| 37:11 | Create | Samurai |
| 37:11 | Create | Samurai |
| 37:11 | Create | Samurai |
| 37:11 | Create | Samurai |
| 37:38 | Create | Villager (Male) |
Build order — 顶风尿万丈
107 actions detected in the replay
| 0:51 | Build | Town Center |
| 1:55 | Research | Loom |
| 1:56 | Create | Villager (Male) |
| 1:56 | Create | Villager (Male) |
| 1:56 | Create | Villager (Male) |
| 1:57 | Create | Villager (Male) |
| 1:57 | Create | Villager (Male) |
| 1:57 | Create | Villager (Male) |
| 2:28 | Build | House |
| 2:30 | Build | House |
| 3:29 | Build | House |
| 4:24 | Build | House |
| 4:33 | Build | House |
| 4:49 | Create | Villager (Male) |
| 4:49 | Create | Villager (Male) |
| 4:50 | Create | Villager (Male) |
| 5:58 | Create | Villager (Male) |
| 5:58 | Create | Villager (Male) |
| 5:58 | Create | Villager (Male) |
| 5:59 | Create | Villager (Male) |
| 5:59 | Create | Villager (Male) |
| 6:08 | Build | Mill |
| 6:50 | Build | Barracks |
| 7:51 | Create | Villager (Male) |
| 7:52 | Create | Villager (Male) |
| 7:52 | Create | Villager (Male) |
| 8:02 | Build | Mining Camp |
| 8:51 | Create | Villager (Male) |
| 8:53 | Create | Villager (Male) |
| 9:27 | Create | Villager (Male) |
| 9:28 | Create | Villager (Male) |
| 9:28 | Create | Villager (Male) |
| 10:10 | Create | Villager (Male) |
| 10:10 | Create | Villager (Male) |
| 10:10 | Create | Villager (Male) |
| 10:28 | Build | Mill |
| 12:04 | Build | Lumber Camp |
| 12:24 | Create | Villager (Male) |
| 12:24 | Create | Villager (Male) |
| 12:43 | Research | Feudal Age |
| 13:24 | Build | House |
| 13:26 | Build | House |
| 13:27 | Build | House |
| 13:54 | Create | Militia |
| 13:54 | Create | Militia |
| 13:54 | Create | Militia |
| 13:54 | Create | Militia |
| 13:55 | Create | Militia |
| 15:03 | Build | House |
| 15:05 | Build | House |
| 15:07 | Build | House |
| 15:11 | Build | House |
| 15:24 | Age | Feudal Age |
| 15:43 | Build | Blacksmith |
| 15:48 | Build | Market |
| 16:43 | Research | Man-at-Arms (upgrade) |
| 16:50 | Research | Forging |
| 17:10 | Build | House |
| 19:08 | Create | Spearman |
| 19:08 | Create | Spearman |
| 19:10 | Research | Castle Age |
| 19:49 | Build | Watch Tower |
| 20:00 | Create | Spearman |
| 20:00 | Create | Spearman |
| 20:08 | Build | Farm |
| 20:09 | Build | Farm |
| 20:11 | Build | Farm |
| 21:16 | Create | Spearman |
| 21:17 | Create | Spearman |
| 21:17 | Create | Spearman |
| 21:17 | Create | Spearman |
| 21:50 | Age | Castle Age |
| 22:46 | Build | Watch Tower |
| 22:59 | Create | Spearman |
| 22:59 | Create | Spearman |
| 22:59 | Create | Spearman |
| 22:59 | Create | Spearman |
| 22:59 | Create | Spearman |
| 23:27 | Build | Farm |
| 23:29 | Build | Farm |
| 23:32 | Build | Farm |
| 23:35 | Build | Farm |
| 24:52 | Create | Villager (Male) |
| 24:52 | Create | Villager (Male) |
| 25:08 | Create | Spearman |
| 25:08 | Create | Spearman |
| 25:08 | Create | Spearman |
| 25:23 | Build | House |
| 25:59 | Create | Villager (Male) |
| 25:59 | Create | Villager (Male) |
| 26:13 | Build | Castle |
| 26:26 | Build | House |
| 26:30 | Build | House |
| 26:35 | Build | House |
| 26:37 | Build | House |
| 26:42 | Build | House |
| 26:44 | Build | House |
| 26:49 | Build | House |
| 27:04 | Create | Spearman |
| 27:05 | Create | Spearman |
| 27:05 | Create | Spearman |
| 28:42 | Build | Mining Camp |
| 29:39 | Create | Organ Gun |
| 29:40 | Create | Organ Gun |
| 29:42 | Create | Organ Gun |
| 30:02 | Build | Lumber Camp |
| 31:01 | Build | Watch Tower |
Match timeline
| 4:50 | guiguidu63 · first_building Barracks |
| 6:10 | Underdawg · first_building Barracks |
| 6:50 | 顶风尿万丈 · first_building Barracks |
| 7:25 | DOM · first_building Barracks |
| 8:44 | GaTTo · first_building Barracks |
| 8:47 | Elispar · first_building Barracks |
| 9:35 | GaTTo · age_up feudal |
| 9:36 | Underdawg · age_up feudal |
| 9:51 | guiguidu63 · age_up feudal |
| 10:24 | 龍馬探吉 · age_up feudal |
| 10:30 | GaTTo · wall_segment Palisade Wall x6 |
| 10:42 | GaTTo · wall_segment Palisade Wall x8 |
| 10:43 | guiguidu63 · first_building Stable |
| 10:48 | Elispar · wall_segment Palisade Wall x3 |
| 10:51 | Elispar · wall_segment Palisade Wall x6 |
| 10:57 | Elispar · wall_segment Palisade Wall x4 |
| 11:02 | Elispar · wall_segment Palisade Wall x10 |
| 11:07 | Elispar · wall_segment Palisade Wall x5 |
| 11:41 | Elispar · age_up feudal |
| 11:44 | DOM · age_up feudal |
| 12:29 | Elispar · wall_segment Palisade Wall x4 |
| 13:26 | guiguidu63 · wall_segment Palisade Wall x4 |
| 13:28 | Elispar · wall_segment Palisade Wall x10 |
| 13:43 | 云大怒提枪骤马 · age_up feudal |
| 14:10 | Elispar · first_building Stable |
| 14:56 | DOM · first_building Stable |
| 15:05 | GaTTo · first_market_buy 100 food |
| 15:09 | GaTTo · first_market_sell 100 wood |
| 15:24 | 顶风尿万丈 · age_up feudal |
| 15:55 | Elispar · wall_segment Palisade Wall x8 |
| 16:22 | 云大怒提枪骤马 · wall_segment Stone Wall x1 |
| 16:23 | 云大怒提枪骤马 · wall_segment Stone Wall x1 |
| 16:24 | 云大怒提枪骤马 · wall_segment Stone Wall x1 |
| 16:30 | 云大怒提枪骤马 · wall_segment Stone Wall x1 |
| 17:00 | 龍馬探吉 · wall_segment Palisade Wall x5 |
| 17:01 | 龍馬探吉 · wall_segment Palisade Wall x1 |
| 17:29 | DOM · age_up castle |
| 17:55 | Elispar · wall_segment Palisade Wall x1 |
| 18:02 | GaTTo · first_building Archery Range |
| 18:16 | 龍馬探吉 · wall_segment Palisade Wall x5 |
| 18:21 | 云大怒提枪骤马 · first_market_sell 100 food |
| 18:31 | GaTTo · age_up castle |
| 19:28 | 云大怒提枪骤马 · wall_segment Stone Wall x1 |
| 19:29 | 云大怒提枪骤马 · wall_segment Stone Wall x1 |
| 19:30 | 云大怒提枪骤马 · wall_segment Stone Wall x1 |
| 19:31 | 云大怒提枪骤马 · wall_segment Stone Wall x1 |
| 19:33 | 云大怒提枪骤马 · wall_segment Stone Wall x1 |
| 20:01 | 龍馬探吉 · first_building Barracks |
| 20:16 | 云大怒提枪骤马 · first_building Barracks |
| 20:52 | 龍馬探吉 · first_building Stable |
| 21:03 | 云大怒提枪骤马 · age_up castle |
| 21:50 | 顶风尿万丈 · age_up castle |
| 23:54 | Elispar · wall_segment Palisade Wall x13 |
| 24:01 | Elispar · first_market_sell 100 wood |
| 24:17 | Underdawg · first_building Archery Range |
| 24:31 | guiguidu63 · age_up castle |
| 25:18 | 云大怒提枪骤马 · first_building Stable |
| 25:20 | Underdawg · age_up castle |
| 25:27 | guiguidu63 · first_building Monastery |
| 25:28 | 龍馬探吉 · age_up castle |
| 25:51 | 云大怒提枪骤马 · wall_segment Stone Wall x1 |
| 25:52 | 云大怒提枪骤马 · wall_segment Stone Wall x1 |
| 25:54 | 云大怒提枪骤马 · wall_segment Stone Wall x2 |
| 26:00 | 云大怒提枪骤马 · wall_segment Stone Wall x4 |
| 26:13 | 顶风尿万丈 · first_building Castle |
| 26:13 | 云大怒提枪骤马 · wall_segment Stone Wall x7 |
| 26:17 | 云大怒提枪骤马 · wall_segment Stone Wall x1 |
| 26:18 | 云大怒提枪骤马 · wall_segment Stone Wall x1 |
| 26:18 | Underdawg · first_building Castle |
| 26:18 | 云大怒提枪骤马 · wall_segment Stone Wall x1 |
| 26:27 | 云大怒提枪骤马 · wall_segment Stone Wall x5 |
| 26:36 | Elispar · wall_segment Palisade Wall x1 |
| 26:37 | DOM · first_building Castle |
| 27:51 | 云大怒提枪骤马 · first_building Castle |
| 28:23 | 云大怒提枪骤马 · wall_segment Stone Wall x1 |
| 28:24 | 云大怒提枪骤马 · wall_segment Stone Wall x1 |
| 28:25 | Elispar · first_market_buy 100 food |
| 31:24 | guiguidu63 · age_up imperial |
| 31:44 | Elispar · age_up castle |
| 31:49 | Elispar · first_building Castle |
| 32:05 | Underdawg · first_building Siege Workshop |
| 32:09 | 云大怒提枪骤马 · wall_segment Stone Wall x26 |
| 32:21 | 云大怒提枪骤马 · wall_segment Stone Wall x6 |
| 32:33 | 云大怒提枪骤马 · wall_segment Stone Wall x6 |
| 32:38 | 云大怒提枪骤马 · wall_segment Stone Wall x12 |
| 32:44 | Underdawg · wall_segment Stone Wall x9 |
| 32:49 | 云大怒提枪骤马 · wall_segment Stone Wall x8 |
| 32:52 | 云大怒提枪骤马 · wall_segment Stone Wall x5 |
| 33:08 | 顶风尿万丈 · resign |
| 34:42 | 云大怒提枪骤马 · wall_segment Stone Wall x4 |
| 34:44 | 云大怒提枪骤马 · wall_segment Stone Wall x2 |
| 34:50 | 云大怒提枪骤马 · wall_segment Stone Wall x6 |
| 34:56 | 云大怒提枪骤马 · wall_segment Stone Wall x23 |
| 35:05 | 云大怒提枪骤马 · wall_segment Stone Wall x5 |
| 35:06 | 云大怒提枪骤马 · wall_segment Stone Wall x3 |
| 35:13 | 云大怒提枪骤马 · wall_segment Stone Wall x7 |
| 35:14 | Elispar · first_building Siege Workshop |
| 35:25 | DOM · age_up imperial |
| 35:29 | Underdawg · first_market_buy 100 wood |
| 35:53 | 龍馬探吉 · first_building Siege Workshop |
| 37:15 | 云大怒提枪骤马 · age_up imperial |
| 39:54 | GaTTo · first_building Castle |
| 41:04 | guiguidu63 · first_building Castle |
| 43:43 | Elispar · first_building Monastery |
| 44:21 | 云大怒提枪骤马 · wall_segment Stone Wall x10 |
| 44:31 | 云大怒提枪骤马 · wall_segment Stone Wall x8 |
| 44:34 | 云大怒提枪骤马 · wall_segment Stone Wall x20 |
[ AI ANALYSIS · 1 CREDIT ]
What really happened in this match?
Wolo.gg analyzes every decision: build order, eco, micro, common mistakes by bracket. Personalized analysis on WhatsApp or Discord in 30 seconds.
Civ guide
Cumans
Perfil
Jugador #14135862